 Dungeon Crawl Stone Soup version 0.27-a0-1591-gc56fcc985a (webtiles) character file.

Game seed: 10139797308989529628

350 Leibowitz the Cutter (level 6, 0/57 HPs)
             Began as a Kobold Berserker on July 19, 2021.
             Was a Priest of Trog.
             Succumbed to an orc wizard's poison
             ... on level 3 of the Dungeon.
             The game lasted 00:05:35 (2884 turns).

Leibowitz the Cutter (Kobold Berserker)             Turns: 2884, Time: 00:05:36

Health: 0/57       AC:  2    Str: 14    XL:     6   Next: 92%
Magic:  6/6        EV: 15    Int:  9    God:    Trog [***...]
Gold:   68         SH:  0    Dex: 16    Spells: 5/5 levels left

rFire    . . .     SeeInvis .   i - +5 dagger
rCold    . . .     Faith    .   (shield restricted)
rNeg     . . .     Spirit   .   b - +0 animal skin
rPois    .         Reflect  .   (no helmet)
rElec    .         Harm     .   (no cloak)
rCorr    .         Rampage  .   (no gloves)
Will     .....                  (no boots)
Stlth    ..........             (no amulet)
HPRegen  0.19/turn              (no ring)
MPRegen  0.10/turn              (no ring)

@: berserking (expiring), lethally poisoned (0 -> -3), very quick
A: small, no large weapons, nightstalker 3
a: Renounce Religion, Berserk, Trog's Hand


You were on level 3 of the Dungeon.
You worshipped Trog.
Trog was most pleased with you.
You visited 1 branch of the dungeon, and saw 3 of its levels.

You collected 68 gold pieces.

Inventory:

Hand Weapons
 a - a +0 short sword
 i - a +5 dagger (weapon)
Armour
 b - a +0 animal skin (worn)
Scrolls
 c - a scroll of silence {unknown}
 d - 6 scrolls of identify {unknown}
 f - a scroll of amnesia {unknown}
 j - a scroll of fog {unknown}
 k - a scroll of noise {unknown}
 l - a scroll of blinking {unknown}
Potions
 e - 2 potions of mutation {unknown}
 g - a potion of haste {unknown}
 h - a potion of flight {unknown}
 m - 2 potions of might {unknown}


   Skills:
 * Level 4.2 Fighting
 * Level 6.1 Short Blades
 * Level 2.3 Armour
 * Level 3.5 Dodging
 * Level 5.2 Stealth


You had 5 spell levels left.
You didn't know any spells.
Your spell library was empty.

Dungeon Overview and Level Annotations

Branches:
Dungeon (3/15)

Altars:


Innate Abilities, Weirdness & Mutations

You are small and have problems with some larger weapons.
You are completely attuned to the shadows.


Message History

Your Short Blades skill increases to level 6!
You puncture the orc wizard!
You kill the orc wizard!
Trog accepts your kill.
Trog appreciates your killing of a magic user.
You feel sick.
Your Stealth skill increases to level 5!
You hit the adder.
The adder is moderately wounded.
You feel sick. The hobgoblin closely misses you. The adder closely misses you.
The orc hits you with a +0 whip.
* * * LOW HITPOINT WARNING * * *
A jackal comes into view.
You hit the adder.
The adder is heavily wounded.
* * * LOW HITPOINT WARNING * * *
You feel sick. The adder bites you.
* * * LOW HITPOINT WARNING * * *
You puncture the adder!
You kill the adder!
Trog accepts your kill.
The hobgoblin hits you but does no damage.
The orc hits you with a +0 whip.
* * * LOW HITPOINT WARNING * * *
You puncture the jackal!
You kill the jackal!
Trog accepts your kill.
* * * LOW HITPOINT WARNING * * *
You feel sick.
You hit the orc.
The orc is heavily wounded.
A jackal comes into view.
The hobgoblin barely misses you.
A rat comes into view.
The orc barely misses you. The jackal misses you.
The jackal barks!
You puncture the orc!
You kill the orc!
Trog accepts your kill.
You die...

.# ####..≈.# .#
#.....≈.# .####
#....#≈## ....#
#....#≈# ....# #....#
#
....####....#########
.....................
.............r.g)h..h
##.### ........#@h...
#)# ........#)####
#)# ........#.# #.#
...###.#.# ##.# ..
.#.# ...## #...#
#...####. #........


You could see 3 jackals, a hobgoblin and a rat.

Vanquished Creatures
  A necrophage (D:2)
  2 orc priests
  2 orc wizards
  6 adders
  2 worms (D:2)
  10 orcs
  7 endoplasms
  5 giant cockroaches (D:1)
  5 goblins
  6 hobgoblins
  12 jackals
  3 quokkas
  6 ball pythons
  4 bats
  2 frilled lizards
  6 kobolds
  8 rats
87 creatures vanquished.

Notes
Turn   | Place    | Note
-------+----------+-------------------------------------------
     0 | D:1      | Leibowitz the Kobold Berserker began the quest for the Orb.
     0 | D:1      | Reached XP level 1. HP: 14/14 MP: 1/1
   363 | D:1      | Reached XP level 2. HP: 19/19 MP: 2/2
   932 | D:1      | Reached XP level 3. HP: 18/23 MP: 3/3
  1204 | D:1      | Reached skill level 1 in Stealth
  1253 | D:1      | Reached ** piety under Trog
  1747 | D:1      | Reached XP level 4. HP: 26/29 MP: 4/4
  1889 | D:2      | Reached skill level 5 in Short Blades
  1889 | D:2      | Reached XP level 5. HP: 33/33 MP: 5/5
  2192 | D:2      | Found a faded altar of an unknown god.
  2363 | D:2      | Reached *** piety under Trog
  2535 | D:2      | Noticed a necrophage
  2549 | D:2      | Killed a necrophage
  2550 | D:2      | Reached XP level 6. HP: 34/38 MP: 6/6
  2878 | D:3      | Reached skill level 6 in Short Blades
  2879 | D:3      | Reached skill level 5 in Stealth
  2881 | D:3      | HP: 2/57 [orc (1)]
  2884 | D:3      | Succumbed to an orc wizard's poison

Illustrated notes

Levels and vault maps discovered:
D:1:      scummos_arrival_forest, layout_basic, eino_curves_03
D:2:      layout_loops_cross, chequers_ecumenical_altar_simple,
          minmay_divided_ellipse
D:3:      layout_basic, minmay_overflow_temple_star_hex, st_stairs_3,
          grunt_ministairs_9, chequers_serial_rivers_micro_a

Skill      XL: |  1  2  3  4  5  6 |
---------------+-------------------+-----
Stealth        | 1 2 4 5 |  5.2
Armour         | 2 |  2.3
Dodging        | 3 |  3.5
Short Blades   | 5 6 |  6.1
Fighting       | 4 |  4.2

Action                   |  1- 3 |  4- 6 || total
-------------------------+-------+-------++-------
Melee: Short sword       |   104 |       ||   104
       Dagger            |    12 |    98 ||   110
Throw: Throwing net      |       |     1 ||     1
Invok: Berserk           |       |     2 ||     2
 Stab: Sleeping          |     9 |    12 ||    21
       Distracted        |     2 |       ||     2
Armor: Animal skin       |    16 |    10 ||    26
Dodge: Dodged            |    77 |    63 ||   140

Table legend: (Time is in decaauts)
 A = Elapsed time spent in this place.
 B = Non-inter-level travel time spent in this place.
 C = Inter-level travel time spent in this place.
 D = Time resting spent in this place.
 E = Time spent auto-exploring this place.
 F = Levels seen in this place.
 G = Mean time per level.
                   A        B        C        D        E       F      G
               +--------+--------+--------+--------+--------+-----+--------+
         Total |   2847 |   2809 |     38 |    264 |   2074 |   3 |  949.0 |
       Dungeon |   2847 |   2809 |     38 |    264 |   2074 |   3 |  949.0 |
               +--------+--------+--------+--------+--------+-----+--------+

Top non-repeatable levels by time:
     D:1: 1784 daAuts
     D:2: 979 daAuts
     D:3: 82 daAuts
